 Dungeon Crawl Stone Soup version 0.30-a0-415-g685d318daa (webtiles) character file.

Game seed: 11610781196408301100

106 Fyson the Vexing (level 4, -4/21 HPs)
             Began as a Spriggan Enchanter on Dec 8, 2022.
             Slain by Grinder (7 damage)
             ... while paralysed by Grinder
             ... on level 3 of the Dungeon.
             The game lasted 00:05:26 (1640 turns).

Fyson the Vexing (Spriggan Enchanter)               Turns: 1640, Time: 00:05:27

Health: -4/21      AC:  2    Str:  4    XL:     4   Next: 55%
Magic:  11/11      EV:  4    Int: 16    God:
Gold:   98         SH:  0    Dex: 17    Spells: 4/12 levels left

rFire   . . .      SeeInvis +    a - +1 dagger
rCold   . . .      Faith    .    (no shield)
rNeg    . . .      Spirit   .    b - +0 robe
rPois   .          Reflect  .    (helmet restricted)
rElec   .          Harm     .    (no cloak)
rCorr   .          Rampage  .    (gloves unavailable)
Will    .....                    (boots unavailable)
Stlth   +++.......               (no amulet)
HPRegen 0.23/turn                (no ring)
MPRegen 0.12/turn                (no ring)

@: paralysed, very quick
A: very small, no large weapons, unfitting armour, see invisible, speed 3
a: no special abilities


You were on level 3 of the Dungeon.
You visited 1 branch of the dungeon, and saw 3 of its levels.

You collected 98 gold pieces.

Inventory:

Hand Weapons
 a - a +1 dagger (weapon)
Armour
 b - a +0 robe (worn)
Scrolls
 d - 2 scrolls of noise {unknown}
 g - 2 scrolls of teleportation {unknown}
 j - a scroll of magic mapping {unknown}
 l - a scroll of poison {unknown}
Potions
 c - 2 potions of invisibility
 e - a potion of lignification {unknown}
 f - a potion of haste {unknown}
 h - a potion of cancellation {unknown}
 i - 2 potions of berserk rage {unknown}
 k - 2 potions of curing {unknown}


   Skills:
 - Level 1.1 Short Blades
 - Level 2.6 Dodging
 - Level 4.4 Stealth
 + Level 4.6 Spellcasting
 + Level 5.2 Hexes


You had 4 spell levels left.
You knew the following spells:

 Your Spells              Type           Power      Damage    Failure   Level
a - Ensorcelled Hibernat  Hex/Ice        24%        N/A       9%          2
b - Tukima's Dance        Hex            20%        N/A       5%          3
d - Confusing Touch       Hex            20%        N/A       5%          3

Your spell library contained the following spells:

 Spells                   Type           Power      Damage    Failure   Level
 Dazzling Flash           Conj/Hex       24%        N/A       16%         3


Dungeon Overview and Level Annotations

Branches:
Dungeon (3/15)

Altars:
Okawaru

Shops:
D:1 **=(?

Annotations:
D:3 Grinder


Innate Abilities, Weirdness & Mutations

You are very small and have problems with some larger weapons.
You are too small for most types of armour.
You have supernaturally acute eyesight. (SInv)
You cover ground extremely quickly. (Speed+++)


Message History

A goblin comes into view. It is wielding a +0 dagger.
The rat bites you.
You barely miss the rat.
The rat is heavily wounded.
The rat closely misses you.
You barely miss the rat.
The rat is heavily wounded.
The rat bites you but does no damage.
You barely miss the rat.
The rat is heavily wounded.
The rat bites you.
You hit the rat.
You kill the rat!
You see here a scroll labelled UGYXKA UGROEF.
l - a scroll labelled UGYXKA UGROEF You hit the goblin.
You kill the goblin!
No target in view!
No target in view!
Things that are here:
a +0 club; a +0 robe Magic restored.
You see here a +0 dagger.
You now have enough gold to buy a scroll of blinking on D:1.
You can access your shopping list by pressing '$'.
You now have 98 gold pieces (gained 10).
Found an iron altar of Okawaru.
Grinder comes into view.
You see here 5 poisoned darts.
Grinder shouts!
Grinder gestures at you.
You suddenly lose the ability to move!
Grinder hits you!
You writhe in agony.
Grinder hits you but does no damage. Grinder hits you!
* * * LOW HITPOINT WARNING * * *
You writhe in agony.
* * * LOW HITPOINT WARNING * * *
Grinder hits you!
You die...

#######..........##.......
...............#..####.
........................
.####..##....#....#####.
.....##....#....# #.
#.##^...........# #. #.
#.##.........#####.
#.##.##(.###..........
#...5@.!.!......#####.
........................
#.#.♣.♣.#...............
.........####.#.######. #
♣.♣.♣.♣.# .#........
...._....# .......<. #.♣.♣
♣.♣.# ......... #... ....#
#.######. #.


You could see Grinder.

Vanquished Creatures
  Jessica (D:3)
  Terence (D:2)
  2 adders (D:2)
  A dart slug (D:1)
  4 ball pythons (D:1)
  2 endoplasms
  3 goblins
  7 hobgoblins
  2 jackals (D:1)
  4 bats
  2 frilled lizards
  2 kobolds (D:2)
  5 rats
36 creatures vanquished.

Notes
Turn   | Place    | Note
-------+----------+-------------------------------------------
     0 | D:1      | Fyson the Spriggan Enchanter began the quest for the Orb.
     0 | D:1      | Reached XP level 1. HP: 9/9 MP: 5/5
    52 | D:1      | Found Puseots's Assorted Antiques.
    65 | D:1      | Found Reosiss's Weapon Emporium.
   100 | D:1      | Found Juopreha's Magic Scroll Emporium.
   167 | D:1      | Found Bocrim's Jewellery Emporium.
   221 | D:1      | Reached skill level 4 in Hexes
   261 | D:1      | Found Careajet's General Store.
   268 | D:1      | Reached XP level 2. HP: 12/13 MP: 7/7
   271 | D:1      | Learned a level 2 spell: Ensorcelled Hibernation
   721 | D:2      | Noticed Terence
  1028 | D:2      | Reached XP level 3. HP: 16/16 MP: 6/9
  1032 | D:2      | Learned a level 3 spell: Tukima's Dance
  1036 | D:2      | Learned a level 3 spell: Confusing Touch
  1092 | D:2      | Killed Terence
  1309 | D:2      | Reached XP level 4. HP: 21/21 MP: 11/11
  1379 | D:2      | Reached skill level 5 in Hexes
  1594 | D:3      | Noticed Jessica
  1599 | D:3      | Killed Jessica
  1633 | D:3      | Found an iron altar of Okawaru.
  1634 | D:3      | Noticed Grinder
  1636 | D:3      | Paralysed by Grinder for 4 turns
  1640 | D:3      | Slain by Grinder

Illustrated notes

Levels and vault maps discovered:
D:1:      amcnicky_arrival_choice, layout_basic, serial_shops, shop,
          nicolae_shop_advertising_works [nicolae_subvault_shop_adworks],
          nicolae_square_shop, nicolae_shop_crystal, shop, serial_park_tiny_1
D:2:      layout_rooms, minivault_5, corner_web_ring, uniq_terence
D:3:      layout_basic, general_overflow_altar, nicolae_overflow_two_pavilions,
          okawaru_trees_1, chequers_ecumenical_altar_simple_redux, serial_shops,
          shop, uniq_grinder, uniq_sigmund, uniq_jessica

Skill      XL: |  1  2  3  4 |
---------------+-------------+-----
Spellcasting   | 3 4 |  4.6
Hexes          | 4 5 |  5.2
Short Blades   | |  1.1
Dodging        | |  2.6
Stealth        | |  4.4

Action                   |  1- 3 |  4- 6 || total
-------------------------+-------+-------++-------
Melee: Dagger            |    97 |    18 ||   115
 Cast: Ensorcelled Hiber |     4 |     2 ||     6
       Tukima's Dance    |     1 |       ||     1
       Confusing Touch   |     1 |       ||     1
 Stab: Sleeping          |    11 |     2 ||    13
       Distracted        |     1 |       ||     1
       Confused          |     1 |       ||     1
Armor: Robe              |     9 |     5 ||    14
Dodge: Dodged            |    63 |     5 ||    68

Table legend: (Time is in decaauts)
 A = Elapsed time spent in this place.
 B = Non-inter-level travel time spent in this place.
 C = Inter-level travel time spent in this place.
 D = Time resting spent in this place.
 E = Time spent auto-exploring this place.
 F = Levels seen in this place.
 G = Mean time per level.
                   A        B        C        D        E       F      G
               +--------+--------+--------+--------+--------+-----+--------+
         Total |   1113 |   1009 |    104 |     37 |    635 |   3 |  371.0 |
       Dungeon |   1113 |   1009 |    104 |     37 |    635 |   3 |  371.0 |
               +--------+--------+--------+--------+--------+-----+--------+

Top non-repeatable levels by time:
     D:1: 539 daAuts
     D:2: 499 daAuts
     D:3: 75 daAuts
